 Dungeon Crawl Stone Soup version 0.29-a0-298-g3c90f9a769 (webtiles) character file.

Game seed: 6131753591411320054

3883 jmlagarto the Fighter (level 10, -7/87 (90) HPs)
             Began as a Minotaur Berserker on Mar 22, 2022.
             Was a Priest of Trog.
             Mangled by a wight
             ... wielding a +2 long sword
              (12 damage)
             ... on level 8 of the Dungeon.
             The game lasted 00:16:42 (6658 turns).

jmlagarto the Fighter (Minotaur Berserker)          Turns: 6658, Time: 00:16:42

HP:   -7/87 (90)    AC: 15    Str: 32    XL:     10   Next: 0%
MP:   9/9           EV: 11    Int:  4    God:    Trog [***...]
Gold: 361           SH:  5    Dex: 10    Spells: 9/9 levels left

rFire   . . .      SeeInvis .   a - +7 Singing Sword {vorpal, sonic wave}
rCold   . . .      Faith    .   y - +0 buckler
rNeg    . . .      Spirit   .   B - +1 chain mail {rPois}
rPois   +          Reflect  .   (helmet restricted)
rElec   .          Harm     .   G - +1 cloak {Stlth+}
rCorr   .          Rampage  .   q - +0 pair of gloves
Will    +....                   (no boots)
Stlth   ..........              p - amulet of regeneration
HPRegen 1.04/turn               H - ring of willpower
MPRegen 0.11/turn               D - +6 ring of strength

@: lightly drained
A: horns 2, retaliatory headbutt
a: Renounce Religion, Berserk, Trog's Hand


You were on level 8 of the Dungeon.
You worshipped Trog.
Trog was most pleased with you.
You visited 1 branch of the dungeon, and saw 8 of its levels.

You collected 361 gold pieces.

Inventory:

Hand Weapons
 a - the +7 Singing Sword (weapon) {vorpal, sonic wave}
   (You found it on level 4 of the Dungeon)

   It inflicts extra damage upon your enemies.
   It radiates damaging sonic waves as it strikes, especially in combat
   involving dangerous or numerous foes.
 c - the +7 mace "Rinunudgh" {drain, rPois Will+ Str+2}
   (You found it on level 5 of the Dungeon)

   A truly terrible weapon, it drains the life of any living foe it strikes.
   Str:       It affects your strength (+2).
   rPois:     It protects you from poison.
   Will:      It increases your willpower.
 i - a +6 spear of flaming
 x - a -3 hand axe of venom
Missiles
 s - a throwing net
 u - 9 poisoned darts (quivered)
Armour
 o - a scarf of invisibility
 q - a +0 pair of gloves (worn)
 y - a +0 buckler (worn)
 B - a +1 chain mail of poison resistance (worn)
 G - a +1 cloak of stealth (worn)
Jewellery
 b - a ring of positive energy
 d - an amulet of faith
 p - an amulet of regeneration (around neck)
 D - a +6 ring of strength (right hand)
 H - a ring of willpower (left hand)
 K - a ring of protection from cold
Wands
 n - a wand of charming (6)
 v - a wand of polymorph (12)
 A - a wand of flame (53)
 J - a wand of digging (7)
Scrolls
 e - 5 scrolls of teleportation
 f - 2 scrolls of brand weapon
 k - a scroll of enchant armour
 l - 4 scrolls of magic mapping
 r - 2 scrolls of noise {unknown}
 t - a scroll of torment {unknown}
 w - a scroll of blinking {unknown}
 z - a scroll of vulnerability {unknown}
 E - a scroll of fog {unknown}
 L - 3 scrolls of fear {unknown}
 M - 2 scrolls of identify
Potions
 g - 3 potions of might {unknown}
 h - 4 potions of degeneration {unknown}
 j - 3 potions of curing
 m - a potion of heal wounds
 C - a potion of haste {unknown}
 F - a potion of brilliance {unknown}
 I - a potion of flight {unknown}


   Skills:
 + Level 8.7 Fighting
 + Level 4.9 Long Blades
 - Level 6.6 Axes
 + Level 8.0 Armour
 + Level 7.4 Dodging
 + Level 5.1 Shields
 + Level 3.9 Evocations


You had 9 spell levels left.
You didn't know any spells.
Your spell library was empty.

Dungeon Overview and Level Annotations

Branches:
Dungeon (8/15)             Temple (0/1) D:6
   Lair: D:8-11

Altars:
Dithmenos
Elyvilon
Fedhas
Gozag
Kikubaaqudgha
Nemelex Xobeh
Ru
Sif Muna
Vehumet
Xom
Beogh


Innate Abilities, Weirdness & Mutations

You have a pair of horns on your head.
You reflexively headbutt those who attack you in melee.


Message History

You headbutt the wight, but do no damage.
The wight is heavily damaged.
You block the wight's attack. The wight misses you.
You slash the wight!
You destroy the wight!
Trog accepts your kill.
The wight hits you from afar with a +5 trident.
You feel drained.
The wight hits you from afar with a +5 trident.
* * * LOW HITPOINT WARNING * * *
You feel drained.
* * * LOW HITPOINT WARNING * * *
2 wights come into view.
The wight barely misses you.
You closely miss the wight. The wight hits you with a +0 dagger.
* * * LOW HITPOINT WARNING * * *
You feel drained.
* * * LOW HITPOINT WARNING * * *
The wight hits you with a +5 trident!
* * * LOW HITPOINT WARNING * * *
You slash the wight!
The Singing Sword realises, "If we kill all of them, no-one will be listening!"
You send a blast of sound all around you.
The wights are blasted.
You destroy the wight!
Trog accepts your kill.
The wight is heavily damaged.
The wight is severely damaged.
You hear a howl!
The wight hits you but does no damage.
You have reached level 10!
You closely miss the wight.
The wight is heavily damaged.
The wight barely misses you. You furiously retaliate!
You headbutt the wight, but do no damage.
The wight hits you with a +2 long sword!
* * * LOW HITPOINT WARNING * * *
You block the wight's attack.
The wight hits you with a +2 long sword!
You die...

##.# .. #.#
###..? #.#
..#.. #.###
...#
#...######..#
###....##...#
####.)...#
##)...#
##@).#
#zz...#
#..###..#
#..# #....
#..# ...#
#..# ..# #..#
..# ... ...


You could see 2 wights.

Vanquished Creatures
  Maggie (D:7)
  A troll (D:7)
  Prince Ribbit (D:6)
  Grinder (D:3)
  Sigmund (D:3)
  An acid dragon (D:8)
  Edmund (D:5)
  An orc warrior (D:7)
  An ice beast (D:7)
  A black bear (D:5)
  3 ogres (D:5)
  3 sky beasts
  Blork the orc (D:5)
  2 phantoms
  A bullfrog (D:7)
  A gnoll sergeant (D:4)
  7 scorpions
  3 wights (D:8)
  5 hounds
  4 orc priests
  A jelly (D:7)
  Crazy Yiuf (D:5)
  6 orc wizards
  6 iguanas
  9 adders
  7 gnolls
  A white imp (D:5)
  2 ufetubi
  A worm (D:3)
  A dart slug (D:3)
  19 orcs
  10 ball pythons
  9 bats
  7 endoplasms
  6 giant cockroaches
  10 goblins
  2 hobgoblins
  7 jackals
  4 quokkas
  11 frilled lizards
  11 kobolds
  3 rats
174 creatures vanquished.

Vanquished Creatures (others)
  5 fungi (D:4)
  8 plants
13 creatures vanquished.

Grand Total: 187 creatures vanquished

Notes
Turn   | Place    | Note
-------+----------+-------------------------------------------
     0 | D:1      | jmlagarto the Minotaur Berserker began the quest for the
                  | Orb.
     0 | D:1      | Reached XP level 1. HP: 19/19 MP: 0/0
   204 | D:1      | Reached XP level 2. HP: 23/27 MP: 1/1
   768 | D:1      | Reached XP level 3. HP: 30/33 MP: 2/2
   818 | D:1      | Reached ** piety under Trog
  2012 | D:3      | Reached XP level 4. HP: 40/40 MP: 3/3
  2019 | D:3      | Noticed Grinder
  2025 | D:3      | Paralysed by Grinder for 4 turns
  2038 | D:3      | Killed Grinder
  2039 | D:3      | Reached skill level 5 in Fighting
  2039 | D:3      | Reached skill level 5 in Axes
  2039 | D:3      | Reached XP level 5. HP: 28/48 MP: 4/4
  2328 | D:3      | Found a faded altar of an unknown god.
  2329 | D:3      | Noticed an eye of devastation
  2332 | D:3      | Noticed a great orb of eyes
  2335 | D:3      | Noticed a shining eye
  2335 | D:3      | Noticed a great orb of eyes
  2537 | D:3      | Noticed Sigmund
  2546 | D:3      | Reached XP level 6. HP: 47/56 MP: 5/5
  2549 | D:3      | Killed Sigmund
  2755 | D:3      | Reached skill level 5 in Armour
  2778 | D:4      | HP: 2/56 [gnoll sergeant/+6 spear of flaming (1)]
  2968 | D:4      | HP: 2/57 [gnoll sergeant/+6 spear of flaming (7)]
  3043 | D:4      | Reached XP level 7. HP: 62/62 MP: 6/6
  3068 | D:4      | Found a sparkling altar of Nemelex Xobeh.
  3682 | D:4      | Reached skill level 5 in Dodging
  3775 | D:4      | Found the +7 Singing Sword {vorpal, sonic wave}
  3805 | D:4      | Reached XP level 8. HP: 64/71 MP: 7/7
  3940 | D:5      | Entered Level 5 of the Dungeon
  4012 | D:5      | Noticed Edmund
  4014 | D:5      | Reached skill level 1 in Long Blades
  4014 | D:5      | Reached skill level 1 in Shields
  4016 | D:5      | Killed Edmund
  4017 | D:5      | Reached skill level 1 in Evocations
  4160 | D:5      | Noticed Blork the orc
  4167 | D:5      | Killed Blork the orc
  4243 | D:5      | Found a shadowy altar of Dithmenos.
  4246 | D:5      | Found a blossoming altar of Fedhas.
  4246 | D:5      | Found a shimmering altar of Xom.
  4248 | D:5      | Found a blossoming altar of Fedhas.
  4248 | D:5      | Found a white marble altar of Elyvilon.
  4248 | D:5      | Found an opulent altar of Gozag.
  4252 | D:5      | Reached *** piety under Trog
  4568 | D:5      | Found a runed translucent door.
  4569 | D:5      | Noticed Crazy Yiuf
  4716 | D:5      | Found a shadowy altar of Dithmenos.
  4925 | D:5      | Reached XP level 9. HP: 79/79 MP: 8/8
  5130 | D:5      | Killed Crazy Yiuf
  5135 | D:5      | Identified the +7 mace "Rinunudgh" {drain, rPois Will+
                  | Str+2}
  5361 | D:6      | Noticed Prince Ribbit
  5383 | D:6      | Killed Prince Ribbit
  5790 | D:6      | Found a staircase to the Ecumenical Temple.
  6029 | D:6      | Found a sacrificial altar of Ru.
  6162 | D:7      | Noticed Maggie
  6170 | D:7      | Killed Maggie
  6186 | D:7      | Noticed a troll
  6187 | D:7      | Found an ancient bone altar of Kikubaaqudgha.
  6187 | D:7      | Found a shimmering blue altar of Sif Muna.
  6193 | D:7      | Killed a troll
  6210 | D:7      | Found a radiant altar of Vehumet.
  6643 | D:8      | Reached skill level 5 in Shields
  6658 | D:8      | Reached XP level 10. HP: 15/87 MP: 9/9
  6658 | D:8      | Mangled by a wight

Illustrated notes

Levels and vault maps discovered:
D:1:      wander_arrival_lonely_grave, layout_basic, minmay_close_crescents
D:2:      layout_loops_cross
D:3:      cheibrodos_old_hovel, layout_basic,
          hellmonk_ecumenical_altar_watching_god, moated_statue,
          small_statue_intersection, kennysheep_pointless_box,
          minmay_misc_feat_tiny, uniq_sigmund, uniq_grinder
D:4:      old_forge, layout_gridville, nemelex_xobeh_ov_fountains_minmay,
          serial_glass, glass_columns_a, glass_columns_c, glass_columns_a,
          glass_columns_c, minmay_strange_pillars, grunt_decor_fettered,
          kennysheep_orc_chapel
D:5:      layout_loops_corners, doesnt_xom_only_xom,
          mainiacjoe_overflow_alcove_1, minivault_23, minmay_lizard_king,
          uniq_blork_the_orc, uniq_edmund, uniq_crazy_yiuf_cottage
D:6:      layout_loops_corners, nicolae_ru_path_of_blood,
          minmay_temple_entry_poolview, minmay_misc_feat_pillars,
          uniq_prince_ribbit1
D:7:      layout_rooms, grunt_temple_overflow_magic_moments, uniq_maggie
D:8:      layout_layer_cave, hangedman_decor_points

Skill      XL: |  1  2  3  4  5  6  7  8  9 |
---------------+----------------------------+-----
Fighting       | 4 5 6 7 8 |  8.7
Axes           | 4 5 6 |  6.6
Armour         | 3 4 5 6 7 8 |  8.0
Dodging        | 3 4 5 6 7 |  7.4
Long Blades    | 3 4 |  4.9
Shields        | 3 5 |  5.1
Evocations     | 2 3 |  3.9

Action                   |  1- 3 |  4- 6 |  7- 9 | 10-12 || total
-------------------------+-------+-------+-------+-------++-------
Melee: Hand axe          |   100 |    77 |    95 |       ||   272
       Headbutt          |    16 |    14 |    31 |       ||    61
       Punch             |       |     2 |     2 |       ||     4
       Unarmed           |       |     1 |       |       ||     1
       Double sword      |       |       |   141 |     1 ||   142
Throw: Dart              |       |     4 |       |       ||     4
       Throwing net      |       |     1 |       |       ||     1
Invok: Berserk           |       |     3 |     2 |       ||     5
       Trog's Hand       |       |     1 |     1 |       ||     2
  Use: Scroll            |     3 |     4 |     1 |       ||     8
       Potion            |       |     1 |     1 |       ||     2
Armor: Scale mail        |    38 |    44 |    66 |       ||   148
       Chain mail        |       |       |    73 |       ||    73
Dodge: Dodged            |    67 |    65 |   128 |     1 ||   261
Block: Buckler           |       |       |    23 |     1 ||    24

Table legend: (Time is in decaauts)
 A = Elapsed time spent in this place.
 B = Non-inter-level travel time spent in this place.
 C = Inter-level travel time spent in this place.
 D = Time resting spent in this place.
 E = Time spent auto-exploring this place.
 F = Levels seen in this place.
 G = Mean time per level.
                   A        B        C        D        E       F      G
               +--------+--------+--------+--------+--------+-----+--------+
         Total |   6777 |   6518 |    259 |      0 |   5223 |   8 |  847.1 |
       Dungeon |   6777 |   6518 |    259 |      0 |   5223 |   8 |  847.1 |
               +--------+--------+--------+--------+--------+-----+--------+

Top non-repeatable levels by time:
     D:5: 1291 daAuts
     D:1: 1254 daAuts
     D:4: 1054 daAuts
     D:3: 1041 daAuts
     D:6: 883 daAuts
     D:2: 646 daAuts
     D:7: 556 daAuts
     D:8: 48 daAuts
